 Dungeon Crawl Stone Soup version 0.19-a0-606-gee5277e (webtiles) character file.

2995 MrRokkomies the Slicer (level 9, -2/39 HPs)
             Began as a Spriggan Enchanter on June 11, 2016.
             Was a Believer of Hepliaklqana.
             Slain by a killer bee (7 damage)
             ... on level 7 of the Dungeon on June 12, 2016.
             The game lasted 00:30:53 (7276 turns).

MrRokkomies the Slicer (Spriggan Enchanter)         Turns: 7276, Time: 00:30:53

Health: -2/39      AC:  4    Str:  4    XL:     9   Next: 54%
Magic:  14/14      EV: 21    Int: 19    God:    Hepliaklqana [**....]
Gold:   383        SH:  8    Dex: 17    Spells: 3 memorised, 5 levels left

rFire  . . .     SeeInvis +     a - +1 rapier
rCold  . . .     Gourm    .     b - +2 robe
rNeg   . . .     Faith    .     u - +0 buckler
rPois  .         Spirit   .     (helmet restricted)
rElec  .         Dismiss  .     (no cloak)
rCorr  .         Reflect  .     (gloves unavailable)
SustAt +         Harm     .     (boots unavailable)
MR     +....                    (no amulet)
Stlth  ++++......               w - ring of sustain attributes
                                e - +3 ring of evasion

@: very quick, somewhat resistant to hostile enchantments, stealthy
A: unfitting armour, see invisible, herbivore 3, speed 3, slow metabolism 2
a: Recall Ancestor, Ancestor Identity, Renounce Religion


You were on level 7 of the Dungeon.
You worshipped Hepliaklqana.
Hepliaklqana was pleased with you.
You were not hungry.

You visited 1 branch of the dungeon, and saw 8 of its levels.

You collected 383 gold pieces.

Inventory:

Hand Weapons
 a - a +1 rapier (weapon)
Armour
 b - a +2 robe (worn)
 u - a +0 buckler (worn)
Jewellery
 e - a +3 ring of evasion (left hand)
 w - a ring of sustain attributes (right hand)
Wands
 x - a wand of lightning (13/15)
 A - a wand of confusion (16/48)
Scrolls
 j - a scroll of teleportation
 m - a scroll of amnesia
 o - 2 scrolls of enchant armour
 q - a scroll of fear
 s - 2 scrolls of enchant weapon
 t - 7 scrolls of remove curse
 y - a scroll of identify
Potions
 f - a potion of lignification
 g - 6 potions of curing
 h - 2 potions of might
 i - 3 potions of cancellation
 k - 2 potions of cure mutation
 l - a potion of brilliance
 n - a potion of ambrosia {unknown}
 r - a potion of degeneration {unknown}
 v - a potion of heal wounds
 z - a potion of flight {unknown}
 B - a potion of mutation {unknown}
Books
 c - a book of Maledictions

   Spells                             Type                      Level
   a - Corona                         Hexes                        1
   b - Ensorcelled Hibernation        Hexes/Ice                    2
   c - Confuse                        Hexes                        3
   d - Tukima's Dance                 Hexes                        3
   e - Dazzling Spray                 Conjuration/Hexes            3
 p - a book of the Sky

   Spells                             Type                      Level
   a - Summon Lightning Spire         Summoning/Air                4
   b - Airstrike                      Air                          4
   c - Silence                        Hexes/Air                    5
   d - Deflect Missiles               Charms/Air                   6
   e - Conjure Ball Lightning         Conjuration/Air              6
   f - Tornado                        Air                          9
Comestibles
 d - 5 bread rations


   Skills:
 * Level 9.9 Short Blades
 - Level 3.0 Dodging
 - Level 7.1 Stealth
 * Level 6.1 Shields
 - Level 2.6 Spellcasting
 - Level 6.0 Hexes


You had 5 spell levels left.
You knew the following spells:

 Your Spells              Type           Power        Failure   Level  Hunger
b - Ensorcelled Hibernat  Hex/Ice        ##....       10%         2    ##.....
c - Confuse               Hex            ####....     4%          3    ###....
d - Tukima's Dance        Hex            ####....     4%          3    ###....


Dungeon Overview and Level Annotations

Branches:
Dungeon (8/15)             Temple (0/1) D:6
   Lair: D:8-11

Altars:
Elyvilon
Gozag
Hepliaklqana
Makhleb
Nemelex Xobeh
Okawaru
Pakellas
Qazlal
The Shining One


Innate Abilities, Weirdness & Mutations

You are tiny and cannot use many weapons and most armour.
You have supernaturally acute eyesight. (SInv)
You are a herbivore.
You cover ground extremely quickly.
You need consume almost no food.


Message History

The centaur shoots an arrow.
The arrow misses you. The killer bee barely misses you.
The killer bee misses you.
The centaur shoots an arrow.
The arrow hits you.
There is a stone staircase leading up here.
You see here an arrow.
You block the killer bee's attack. The killer bee completely misses you.
Tertia hits the killer bee with a flail!
The centaur shoots an arrow.
The arrow hits you!
You climb upwards.
There is a stone staircase leading down here.
You hit the killer bee.
The killer bee is heavily wounded.
The killer bee completely misses you. The killer bee stings you!
You miss the killer bee.
The killer bee is heavily wounded.
The killer bee stings you!
* * * LOW HITPOINT WARNING * * *
Tertia misses the killer bee.
The killer bee stings you!
You die...

#....### #......##
#....#..## ######
#........############.....
#....#....................
#....##..#†##########.....
##########.#.###.....##.....
#.......##...........##.....
#.......###@.##......##.....
#.......####y........##.....
#...........R#.............#
#.)......###...#............
#..........#).))..#......#..
#.......##.#...............#
#######..........##..>......
#.....................
#.............##......


You could see the friendly Tertia the knight and a killer bee.

Vanquished Creatures
  The ghost of jehirs the Archer, a novice CeHu of Fedhas (D:5)
  Sigmund (D:5)
  Menkaure (D:5)
  Duvessa (D:5)
  A black bear (D:6)
  3 orc warriors
  A centaur (D:6)
  A giant frog (D:7)
  Dowan (D:5)
  2 scorpions
  2 killer bees (D:7)
  4 wights (D:8)
  3 howler monkeys
  2 crimson imps
  A giant frog zombie (D:7)
  6 hounds
  2 orc priests
  3 orc wizards (D:4)
  2 giant frog skeletons
  4 worker ants
  2 worker ant zombies
  Robin (D:4)
  6 gnolls
  3 adders
  An ooze (D:4)
  An adder zombie (D:6)
  4 worms
  2 adder skeletons (D:5)
  2 dart slugs (D:1)
  4 giant geckos
  22 orcs
  2 giant cockroaches
  18 goblins
  6 hobgoblins
  10 jackals
  4 kobolds
  A quokka (D:6)
  3 ball pythons
  4 bats
  6 giant newts
  7 rats
151 creatures vanquished.

Vanquished Creatures (collateral kills)
  A giant frog (D:7)
  A scorpion (D:7)
  3 killer bees (D:7)
  A crimson imp (D:6)
  An orc wizard (D:4)
  A worker ant (D:4)
  2 gnolls (D:7)
  An ooze (D:4)
  4 orcs
  2 jackals (D:8)
  A giant gecko skeleton (D:5)
18 creatures vanquished.

Vanquished Creatures (others)
  A dancing weapon (D:5)
  2 ancestors
3 creatures vanquished.

Grand Total: 172 creatures vanquished

Notes
Turn   | Place    | Note
--------------------------------------------------------------
     0 | D:1      | MrRokkomies the Spriggan Enchanter began the quest for the Orb.
     0 | D:1      | Reached XP level 1. HP: 9/9 MP: 5/5
   304 | D:1      | Reached XP level 2. HP: 13/13 MP: 6/6
   308 | D:1      | Learned a level 2 spell: Ensorcelled Hibernation
   542 | D:1      | Reached skill level 2 in Short Blades
   880 | D:2      | Reached XP level 3. HP: 16/16 MP: 8/8
  1077 | D:2      | Reached skill level 5 in Hexes
  1104 | D:2      | Reached XP level 4. HP: 14/21 MP: 2/9
  1340 | D:2      | Found a sparkling altar of Nemelex Xobeh.
  1440 | D:2      | Learned a level 3 spell: Confuse
  1755 | D:2      | Upgraded the game from 0.19-a0-599-g723c685 to 0.19-a0-606-gee5277e
  2331 | D:3      | Reached skill level 3 in Short Blades
  2331 | D:3      | Reached XP level 5. HP: 24/24 MP: 10/10
  2498 | D:3      | Learned a level 3 spell: Tukima's Dance
  2530 | D:4      | Reached skill level 5 in Stealth
  2546 | D:4      | Found a hazy altar of Hepliaklqana.
  2554 | D:4      | Became a worshipper of Hepliaklqana
  2558 | D:4      | Noticed Robin
  2611 | D:4      | Killed Robin
  2900 | D:4      | Reached skill level 4 in Short Blades
  2900 | D:4      | Reached XP level 6. HP: 28/28 MP: 11/11
  3667 | D:5      | Entered Level 5 of the Dungeon
  3675 | D:5      | Noticed Sigmund
  3686 | D:5      | Reached skill level 5 in Short Blades
  3691 | D:5      | Killed Sigmund
  3691 | D:5      | Reached skill level 1 in Shields
  3691 | D:5      | Reached XP level 7. HP: 32/32 MP: 3/12
  3772 | D:5      | Found an opulent altar of Gozag.
  3780 | D:5      | Noticed jehirs's ghost (novice CeHu)
  3811 | D:5      | Killed jehirs's ghost
  3811 | D:5      | Reached skill level 6 in Short Blades
  3811 | D:5      | Reached XP level 8. HP: 32/36 MP: 8/13
  3868 | D:5      | Reached skill level 7 in Short Blades
  4148 | D:5      | Reached * piety under Hepliaklqana
  4173 | D:5      | Found an oddly glowing altar of Pakellas.
  4246 | D:5      | Found a white marble altar of Elyvilon.
  4271 | D:5      | Noticed Menkaure
  4279 | D:5      | Killed Menkaure
  4371 | D:5      | Noticed Duvessa
  4371 | D:5      | Noticed Dowan
  4373 | D:5      | Killed Duvessa
  4393 | D:5      | Killed Dowan
  4715 | D:6      | Reached skill level 8 in Short Blades
  4961 | D:6      | Found an iron altar of Okawaru.
  4966 | D:6      | Found a burning altar of Makhleb.
  5001 | D:6      | Reached skill level 5 in Shields
  5001 | D:6      | Reached XP level 9. HP: 36/39 MP: 11/14
  5115 | D:6      | Found a stormy altar of Qazlal.
  5180 | D:6      | Reached ** piety under Hepliaklqana
  5181 | D:6      | Remembered your ancestor Tertia as a knight
  5286 | D:6      | Found a staircase to the Ecumenical Temple.
  5439 | D:7      | Reached skill level 9 in Short Blades
  5815 | D:7      | Found a glowing golden altar of the Shining One.
  7276 | D:7      | Slain by a killer bee

Vault maps used:
D:1:      minmay_arrival_cross, serial_bayou_lagoon_a
D:2:      nemelex_xobeh_ov_fountains_minmay
D:4:      overflow_temple_1_default, st_stairs_14, uniq_robin
D:5:      nicolae_gozag_seed_capital, elyvilon_altar_1, first_bread,
          serial_bayou_pond_d, grunt_pakellas_mercury, uniq_sigmund,
          uniq_duvessa, uniq_menkaure
D:6:      marbit_many_paths, grunt_temple_overflow_open,
          minmay_temple_entry_fiery
D:7:      nicolae_tso_swordbearing_angel
D:8:      fedhas_altar_fruit_tree

Skill      XL: |  1  2  3  4  5  6  7  8  9 |
---------------+----------------------------+-----
Hexes          | 4 5 6 |  6.0
Short Blades   | 2 3 4 5 6 8 9 |  9.9
Stealth        | 6 7 |  7.1
Shields        | 1 3 5 6 |  6.1
Dodging        | |  3.0
Spellcasting   | |  2.6

Action                   |  1- 3 |  4- 6 |  7- 9 || total
-------------------------+-------+-------+-------++-------
Melee: Dagger            |    44 |       |       ||    44
       Rapier            |    41 |   294 |   324 ||   659
 Cast: Ensorcelled Hiber |     6 |     9 |     4 ||    19
       Confuse           |       |     1 |    13 ||    14
       Tukima's Dance    |       |       |     7 ||     7
Invok: Recall Ancestor   |       |     1 |     4 ||     5
       Ancestor Life: Kn |       |       |     1 ||     1
  Use: Scroll            |     7 |     6 |     3 ||    16
       Potion            |       |     2 |     1 ||     3
 Stab: Sleeping          |    16 |    18 |    20 ||    54
       Confused          |       |     1 |    14 ||    15
       Distracted        |       |       |     1 ||     1
  Eat: Royal jelly       |       |     1 |     1 ||     2
       Bread ration      |       |       |     1 ||     1
Armor: Robe              |     9 |    23 |    10 ||    42
       Skin              |       |    33 |       ||    33
Dodge: Dodged            |    57 |   197 |   173 ||   427
Block: Buckler           |       |    31 |    85 ||   116
